Map: Abyssal Reef LE

Players

LiquidTLO (TLO) - Winner!

  • Race: Zerg Zerg
  • Spawn Location: 5:00

Dana

  • Race: Zerg Zerg
  • Spawn Location: 11:00

Event: IEM XI Katowice - World Championship 2017

VOD

Have the link to the VOD?

Description

Time

  • Played on: Feb. 27, 2017, 6:50 a.m.
  • Length: 3:31

All games in this series

Show
View Real Time Build Order
Export as new Build Order

LiquidTLO Zerg - Winner!

Build Orders: Pool Only 

Get SALT Encoding   

  12  0:00  Drone  
  13  0:22  Spawning Pool  
  13  0:27  Drone  
  13  0:29  Drone  
  13  0:32  Extractor  
  13  0:36  Drone  
  14  0:46  Overlord  
  14  1:09  Zergling x4  
  14  1:10  Zergling x2  
  17  1:12  Queen  
  19  1:22  Overlord  
  19  1:31  Metabolic Boost  
  19  1:35  Zergling x2  
  20  1:42  Zergling x2  
  21  1:53  Baneling Nest  
  20  1:54  Zergling x2  
  21  2:03  Zergling x2  
  22  2:19  Zergling x2  
  22  2:20  Zergling x6  
  26  2:34  Zergling x2  
  27  2:39  Zergling x2  
  27  2:41  Baneling x4  
  28  2:50  Zergling x2  
  28  3:04  Zergling x2  
  28  3:05  Baneling  
  26  3:09  Zergling x2  
Show
View Real Time Build Order
Export as new Build Order

Dana Zerg 

Build Orders: Hatch First 

Get SALT Encoding   

  12  0:00  Drone  
  13  0:12  Overlord  
  13  0:17  Drone  
  14  0:30  Drone x2  
  14  0:35  Drone  
  17  0:52  Hatchery  
  17  0:55  Drone  
  17  0:58  Drone  
  17  1:02  Extractor  
  17  1:13  Spawning Pool  
  17  1:17  Drone  
  17  1:20  Drone  
  18  1:27  Drone  
  19  1:38  Overlord  
  19  1:50  Drone  
  20  2:00  Zergling x2, Queen  
  23  2:04  Zergling x2, Queen  
  26  2:10  Drone  
  27  2:17  Drone  
  27  2:22  Drone  
  29  2:26  Overlord  
  29  2:33  Drone  
  30  2:38  Baneling Nest  
  30  2:40  Zergling x2  
  30  2:44  Zergling x2  
  31  2:48  Zergling x2  
  32  2:55  Zergling x2  
  31  2:59  Zergling x2  
  31  3:04  Zergling x2  
  30  3:09  Zergling x8  
  26  3:13  Zergling x4  

Tags
 
Add a new tag
Caveats
  • Supply blocks, unpowered buildings, or Contaminate may cause inaccurate times.
  • Supply counts are checked every 10 seconds.